Map: Prion Terraces

Players

Hindulaatti

  • Race: Protoss Protoss
  • League: Diamond

fiyHUO

  • Race: Protoss Protoss
  • League: Diamond

fanzuu

  • Race: Terran Terran

Gintoki

  • Race: Terran Terran
  • League: Gold

VOD

Have the link to the VOD?

Description

Time

  • Played on: Jan. 1, 2016, 3:38 p.m.
  • Length: 19:41
Show
View Real Time Build Order
Export as new Build Order

Hindulaatti Protoss 

Build Orders: Oracle Opening 

Get SALT Encoding   

  12  0:01  Probe (Chrono Boost)  
  13  0:11  Probe (Chrono Boost)  
  14  0:19  Pylon  
  14  0:22  Probe (Chrono Boost)  
  15  0:38  Probe (Chrono Boost)  
  15  0:41  Gateway  
  16  0:48  Probe (Chrono Boost)  
  17  0:55  Assimilator  
  17  0:59  Probe (Chrono Boost)  
  18  1:08  Pylon  
  18  1:09  Probe (Chrono Boost)  
  19  1:24  Probe (Chrono Boost)  
  20  1:29  Cybernetics Core  
  20  1:36  Probe (Chrono Boost)  
  20  1:38  Assimilator  
  21  1:46  Probe (Chrono Boost)  
  22  1:57  Probe (Chrono Boost)  
  23  2:05  Nexus  
  23  2:09  Warp Gate (Chrono Boost)  
  23  2:12  Mothership Core  
  25  2:25  Pylon  
  25  2:27  Adept  
  27  2:35  Pylon  
  27  2:45  Probe  
  28  2:54  Stargate  
  28  2:56  Adept  
  30  3:07  Probe  
  31  3:13  Pylon  
  31  3:18  Probe  
  31  3:19  Probe  
  33  3:20  Pylon  
  33  3:30  Gateway  
  33  3:32  Probe  
  33  3:34  Probe  
  35  3:38  Adept  
  37  3:46  Oracle (Chrono Boost)  
  40  3:48  Probe  
  40  3:49  Probe  
  42  4:00  Probe  
  42  4:02  Probe  
  44  4:07  Assimilator, Adept  
  46  4:11  Probe  
  46  4:14  Probe  
  46  4:19  Gateway  
  44  4:25  Probe (Chrono Boost)  
  44  4:26  Probe (Chrono Boost)  
  49  4:32  Oracle  
  49  4:35  Assimilator  
  49  4:37  Probe x2 (Chrono Boost)  
  49  4:38  Adept  
  51  4:56  Probe x2 (Chrono Boost)  
  53  5:06  Probe (Chrono Boost)  
  53  5:07  Probe (Chrono Boost)  
  55  5:11  Pylon  
  55  5:13  Pylon  
  55  5:17  Robotics Facility  
  55  5:19  Void Ray  
  59  5:33  Probe x2 (Chrono Boost)  
  59  5:38  Adept x2  
  59  5:39  Gateway  
  59  5:40  Adept  
  59  5:41  Gateway  
  62  5:43  Pylon  
  62  5:44  Probe x2 (Chrono Boost)  
  64  5:54  Probe (Chrono Boost)  
  64  5:56  Probe (Chrono Boost)  
  66  6:02  Void Ray  
  70  6:05  Probe (Chrono Boost)  
  70  6:10  Warp Prism  
  71  6:12  Adept x3  
  71  6:15  Probe x2 (Chrono Boost)  
  75  6:33  Probe x2 (Chrono Boost)  
  75  6:36  Adept x3  
  83  6:42  Nexus  
  83  6:50  Void Ray  
  85  7:17  Probe x2 (Chrono Boost)  
  87  7:27  Probe x2 (Chrono Boost)  
  89  7:33  Adept x5  
  99  7:37  Pylon  
  99  7:38  Probe x2 (Chrono Boost)  
  99  7:39  Pylon  
  99  7:40  Pylon  
  99  7:41  Pylon  
  99  7:43  Pylon  
  101  7:47  Forge  
  101  7:48  Twilight Council  
  101  7:52  Pylon  
  101  7:59  Pylon  
  101  8:00  Adept x2  
  101  8:02  Adept  
  107  8:06  Adept  
  107  8:10  Protoss Ground Weapons Level 1 (Chrono Boost)  
  109  8:15  Probe x3 (Chrono Boost)  
  109  8:19  Assimilator  
  112  8:23  Assimilator  
  109  8:28  Resonating Glaives (Chrono Boost)  
  107  8:38  Void Ray  
  107  8:41  Adept x5  
  102  9:21  Immortal  
  102  9:24  Photon Cannon  
  106  9:25  Photon Cannon  
  106  9:26  Stalker x5  
  116  9:36  Dark Shrine  
  116  9:37  Templar Archives  
  116  9:38  Pylon  
  116  9:41  Pylon  
  116  9:53  Stalker x3  
  116  9:54  Stalker x2  
  126  10:08  Nexus  
  124  10:21  Protoss Ground Weapons Level 2  
  108  10:25  Zealot x5  
  108  10:28  Psionic Storm  
  108  10:40  Nexus  
  106  10:45  High Templar x3  
  106  10:47  High Templar  
  106  10:48  High Templar  
  114  10:50  Archon  
  110  11:05  Archon  
  110  11:14  Adept x2  
  110  11:18  Adept x2  
  114  11:25  Void Ray, Gateway  
  110  11:26  Gateway  
  110  11:28  Gateway  
  113  11:56  High Templar x5  
  123  12:01  Blink (Chrono Boost)  
  123  12:03  Gateway  
  123  12:06  Gateway  
  123  12:09  Gateway  
  123  12:11  Pylon  
  123  12:13  Photon Cannon  
  123  12:17  Archon x2  
  123  12:23  Archon  
  123  12:26  High Templar x2  
  127  12:31  Protoss Ground Weapons Level 3 (Chrono Boost)  
  127  12:32  High Templar x3  
  133  12:39  Gateway  
  133  12:40  Gateway  
  133  12:42  Pylon  
  133  13:03  Assimilator  
  133  13:04  Assimilator  
  133  13:05  Zealot x4  
  137  13:06  Zealot  
  141  13:13  Dark Templar x2  
  145  13:33  Stalker x6  
  157  13:41  Void Ray (Chrono Boost)  
  157  13:42  Observer  
  157  13:48  Dark Templar x3  
  114  14:10  Archon  
  114  14:13  Archon  
  114  14:16  High Templar x2  
  106  14:17  Zealot x2  
  106  14:18  Zealot x3  
  106  14:23  Observer  
  89  14:38  Zealot x5  
  89  14:39  Zealot x3  
  97  14:53  Warp Prism  
  97  14:54  Zealot x2  
  99  15:03  Gateway  
  99  15:09  Gateway x2  
  99  15:10  Probe x3  
  99  15:13  High Templar x3  
  99  15:14  High Templar  
  106  15:16  Stalker x5  
  106  15:19  Archon x2  
  116  15:27  Stalker  
  118  15:28  Observer  
  119  15:44  Zealot x4  
  119  15:45  Zealot  
  119  15:47  Observer, Adept x3  
  119  15:48  Adept  
  119  15:49  Protoss Ground Armor Level 1  
  137  16:01  Charge (Chrono Boost)  
  137  16:05  Observer  
  137  16:08  High Templar  
  137  16:10  Zealot x4  
  137  16:11  Zealot x4  
  156  16:28  Stalker  
  148  16:44  Stalker x2  
  148  16:45  Stalker x4  
  147  17:11  High Templar x2  
  147  17:12  High Templar x3  
  157  17:19  Observer  
  156  17:35  Robotics Bay, Warp Prism  
  158  17:49  Stalker x3  
  164  17:58  Nexus  
  164  18:13  Stalker x2  
  164  18:14  Stalker x2  
  164  18:19  Disruptor  
  131  18:43  Archon x2  
  131  18:44  Archon  
  131  18:47  Archon  
  123  18:49  Stalker x3  
  125  19:04  Disruptor  
  124  19:13  Zealot x2  
  124  19:14  Sentry x2  
  114  19:35  Assimilator  
  112  19:38  Assimilator  
Show
View Real Time Build Order
Export as new Build Order

fiyHUO Protoss 

Build Orders:  

Get SALT Encoding   

  12  0:01  SCV  
  13  0:13  SCV  
  14  0:25  Supply Depot  
  14  0:26  SCV  
  15  0:47  SCV  
  15  0:48  Barracks  
  16  0:52  Refinery  
  16  0:59  SCV  
  17  1:11  SCV  
  18  1:23  Command Center  
  18  1:27  SCV  
  19  1:39  SCV  
  20  1:41  Marine  
  21  1:52  Orbital Command  
  20  1:56  Supply Depot  
  20  2:08  Factory  
  20  2:10  Marine  
  21  2:18  SCV  
  22  2:30  Marine, SCV  
  24  2:39  Orbital Command  
  24  2:45  SCV  
  24  2:48  Marine  
  24  2:50  Refinery  
  26  2:52  Starport  
  26  2:55  Widow Mine  
  28  2:59  SCV  
  29  3:09  Barracks Reactor  
  29  3:11  SCV x2  
  31  3:21  Engineering Bay  
  31  3:23  SCV x2  
  31  3:25  Factory Tech Lab  
  33  3:35  SCV  
  33  3:38  Barracks  
  33  3:39  Medivac  
  33  3:40  Barracks  
  33  3:41  SCV  
  37  3:47  Marine x2  
  39  3:53  Missile Turret  
  39  3:56  Missile Turret, Widow Mine  
  39  4:08  Supply Depot  
  34  4:19  Marine x2  
  34  4:21  SCV  
  37  4:28  Barracks Tech Lab  
  37  4:30  Barracks Tech Lab  
  37  4:32  Starport Reactor  
  37  4:33  SCV  
  37  4:35  SCV  
  38  4:46  SCV  
  38  4:47  SCV  
  38  4:48  Stimpack  
  40  4:52  Marine  
  40  4:53  Marine  
  40  4:56  Siege Tank  
  45  5:01  SCV x2  
  45  5:05  Refinery  
  44  5:11  Refinery  
  44  5:13  Marine  
  45  5:17  Marauder  
  45  5:19  Supply Depot  
  45  5:25  Marine  
  45  5:27  Marauder  
  48  5:37  Medivac  
  50  5:54  Marauder, Barracks Reactor  
  50  5:55  Marauder  
  54  5:59  Command Center  
  54  6:01  Supply Depot  
  53  6:11  Medivac  
  55  6:15  Marine x2, SCV  
  55  6:16  SCV  
  59  6:26  Engineering Bay  
  59  6:27  SCV, Terran Infantry Weapons Level 1  
  59  6:28  SCV  
  59  6:31  Supply Depot, Marine x2  
  64  6:40  SCV x2  
  64  6:44  Marine  
  65  6:52  SCV x2  
  63  6:55  Marine  
  63  6:56  Marauder, Marine  
  67  7:04  SCV x2  
  67  7:05  Medivac x2  
  67  7:06  Marine  
  74  7:13  Marine  
  74  7:17  Marauder, Terran Infantry Armor Level 1  
  74  7:19  SCV x2  
  78  7:28  Liberator  
  78  7:31  SCV x2  
  78  7:33  Barracks  
  78  7:36  Barracks  
  80  7:38  Medivac, Armory  
  80  7:39  Marauder, Marine x2  
  80  7:43  SCV x2  
  88  7:50  Supply Depot  
  91  7:51  Supply Depot  
  91  7:55  Orbital Command  
  91  7:56  SCV  
  92  8:00  Concussive Shells  
  92  8:01  Combat Shields  
  92  8:06  Marine  
  92  8:12  Marine  
  94  8:18  SCV x2  
  96  8:24  Barracks Reactor  
  96  8:25  Barracks Reactor  
  96  8:26  SCV  
  96  8:30  SCV x2  
  96  8:32  Marine x2  
  96  8:33  Marauder  
  102  8:37  Refinery  
  102  8:40  Refinery  
  102  8:41  SCV  
  102  8:42  SCV  
  102  8:43  SCV  
  104  8:48  Terran Infantry Weapons Level 2  
  104  8:53  Marauder, SCV  
  104  8:54  SCV  
  106  9:01  Viking x2  
  108  9:03  SCV  
  109  9:12  Starport  
  109  9:34  Marine, Barracks  
  109  9:36  Barracks  
  109  9:37  Marine x4  
  113  9:43  Supply Depot  
  113  9:46  Supply Depot  
  113  9:47  Supply Depot  
  113  9:48  Terran Infantry Armor Level 2  
  113  9:51  Marine  
  113  9:52  Marine x2  
  116  9:54  Viking x2  
  120  10:03  Marine x3  
  123  10:13  Supply Depot, Marine x2  
  120  10:14  Supply Depot  
  120  10:16  Cyclone  
  120  10:19  Marauder x2  
  120  10:20  Starport Reactor  
  124  10:23  Barracks Reactor  
  124  10:24  Barracks Reactor  
  124  10:28  Viking x2  
  124  10:35  Marine x3  
  125  10:40  SCV  
  125  10:41  Marauder, SCV  
  125  10:42  Marine x2  
  131  10:43  Marauder  
  131  10:48  Cyclone  
  130  10:52  SCV  
  130  10:54  SCV  
  132  11:00  Viking x2  
  132  11:01  Marine  
  132  11:02  Command Center, Marine  
  139  11:04  SCV  
  139  11:07  Terran Infantry Weapons Level 3  
  134  11:15  Marine  
  134  11:16  Marauder x2  
  132  11:22  Supply Depot  
  132  11:24  Supply Depot  
  129  11:26  SCV x3  
  131  11:35  Medivac x2  
  131  11:38  Marauder, SCV x3  
  138  11:41  Marauder, Marine x3  
  140  11:50  SCV x3  
  140  11:54  Liberator  
  143  11:59  Medivac, Marauder  
  143  12:00  Marine  
  148  12:02  Command Center, SCV x3  
  151  12:13  Medivac x2  
  151  12:14  SCV  
  159  12:16  Orbital Command  
  159  12:23  Liberator  
  159  12:24  Terran Infantry Armor Level 3  
  159  12:25  Liberator  
  159  12:26  Liberator  
  159  12:34  Refinery  
  159  12:35  Refinery  
  159  12:42  Liberator  
  159  12:43  Terran Ship Weapons Level 1  
  168  12:53  Marine  
  168  12:54  Marine x5  
  168  12:55  Marine x3  
  168  12:58  Cyclone  
  183  13:06  Liberator  
  183  13:10  Barracks  
  183  13:12  Barracks x2  
  183  13:15  Supply Depot  
  181  13:21  Orbital Command  
  181  13:24  SCV x3  
  181  13:26  Missile Turret  
  184  13:31  Liberator  
  184  13:33  Marine  
  184  13:34  Marine x5  
  186  13:35  Marauder x2  
  194  13:42  Medivac  
  196  13:54  Refinery x2  
  176  14:06  Medivac, Marine x2  
  176  14:07  Marauder x2, Marine x2  
  176  14:08  Marine  
  121  14:17  SCV  
  121  14:18  Marine x3, SCV  
  121  14:19  Marine  
  117  14:24  Marine x2  
  117  14:25  Marine  
  117  14:28  Marauder x2  
  120  14:33  Marine x3  
  120  14:35  Marine  
  120  14:36  Missile Turret  
  122  14:39  SCV x2  
  122  14:45  Marine  
  122  14:46  Marine x3  
  122  14:49  Medivac x2  
  122  14:50  Marauder x2  
  127  14:55  Ghost Academy  
  125  15:03  Marine x4  
  125  15:07  Liberator, Barracks Reactor x3  
  129  15:11  Marauder x2  
  133  15:20  Missile Turret, Marine x2  
  135  15:22  Terran Vehicle And Ship Armor Level 1, Medivac  
  135  15:23  Medivac  
  145  15:32  Marauder  
  145  15:33  Marauder  
  149  15:39  Liberator  
  149  15:45  Marine x3  
  152  15:54  Marauder  
  154  16:14  Ghost  
  154  16:16  Marine x2  
  139  16:40  Marine  
  139  16:41  Marine  
  139  16:43  Ghost  
  140  16:48  Marine x2  
  140  16:49  Liberator x2, Marine  
  140  16:50  Marine x2  
  133  17:04  Marine x2  
  133  17:07  Medivac  
  133  17:08  Barracks Tech Lab  
  141  17:11  Ghost  
  143  17:29  Ghost  
  142  17:37  Medivac  
  142  17:41  Marauder  
  146  17:45  Marine x3  
  146  17:46  Siege Tank  
  146  17:49  Medivac x2  
  146  17:50  Liberator  
  156  17:55  SCV  
  156  17:58  Ghost  
  157  18:02  Liberator, Marauder  
  157  18:03  Marine  
  157  18:04  Marine x2  
  155  18:16  Command Center  
  155  18:18  Marine x2  
  155  18:19  Marine, Siege Tank  
  155  18:23  Marine  
  155  18:24  Marauder, Marine x2  
  155  18:27  Ghost  
  155  18:30  Marine x3  
  155  18:34  Marine x2  
  125  18:40  Marine x2  
  97  18:45  Marauder, Marine x2  
  85  18:50  Banshee  
  85  18:51  Marine  
  85  18:52  Marine  
  85  18:55  Ghost  
  83  18:57  Marine x2  
  66  19:04  Marine x2  
  66  19:06  Marauder  
  55  19:10  Marine x2  
  55  19:16  Marine  
  55  19:17  Marine x3  
  49  19:18  Marine  
Show
View Real Time Build Order
Export as new Build Order

fanzuu Terran 

Build Orders:  

Get SALT Encoding   

Show
View Real Time Build Order
Export as new Build Order

Gintoki Terran 

Build Orders:  

Get SALT Encoding   

Tags
 
Add a new tag
Caveats
  • Supply blocks, unpowered buildings, or Contaminate may cause inaccurate times.
  • Supply counts are checked every 10 seconds.